 Dungeon Crawl Stone Soup version 0.28.0-53-g5a82cb258f (webtiles) character file.

Game seed: 6800549856151893475

7 Descartes the Grave Robber (level 1, -5/9 HPs)
             Began as a Felid Wanderer on July 9, 2022.
             Slain by a kobold
             ... wielding a +2 whip of flaming
              (7 damage)
             ... on level 1 of the Dungeon.
             The game lasted 00:01:04 (752 turns).

Descartes the Grave Robber (Felid Wanderer)          Turns: 752, Time: 00:01:05

Health: -5/9       AC:  1    Str:  5    XL:     1   Next: 91%
Magic:  5/5        EV: 16    Int: 15    God:
Gold:   10         SH:  0    Dex: 16    Spells: 6/6 levels left
                                        Lives:  0   Deaths: 0

rFire   . . .      SeeInvis +   (weapon unavailable)
rCold   . . .      Faith    .   (shield unavailable)
rNeg    . . .      Spirit   .   (armour unavailable)
rPois   .          Reflect  .   (helmet unavailable)
rElec   .          Harm     .   (cloak unavailable)
rCorr   .          Rampage  .   (gloves unavailable)
Will    .....                   (boots unavailable)
Stlth   ++........              (no amulet)
HPRegen 0.03/turn               (no ring)
MPRegen 0.09/turn               (no ring)

@: quick
A: very small, claws 1, fangs 3, see invisible, speed 1, shaggy fur 1, stealthy
paws, no weapons or thrown items, no armour, multi-lived
a: no special abilities


You were on level 1 of the Dungeon.
You visited 1 branch of the dungeon, and saw 1 of its levels.

You collected 10 gold pieces.

Inventory:

Scrolls
 a - a scroll of teleportation {unknown}
Potions
 b - a potion of brilliance {unknown}


   Skills:
 - Level 1.0 Fighting
 + Level 1.8 Dodging
 * Level 1.6 Stealth
 + Level 0.5 Unarmed Combat
 - Level 3.0 Spellcasting
 - Level 1.5 Hexes
 - Level 3.0 Necromancy
 - Level 1.1 Evocations


You had 6 spell levels left.
You didn't know any spells.
Your spell library contained the following spells:

 Spells                   Type           Power      Damage    Failure   Level
 Animate Skeleton         Necr           22%        N/A       6%          1
 Pain                     Necr           44%        1d6       6%          1
 Slow                     Hex            24%        N/A       11%         1
 Dazzling Flash           Conj/Hex       8%         N/A       41%         3
 Anguish                  Hex/Necr       4%         N/A       61%         4


Dungeon Overview and Level Annotations

Branches:
Dungeon (1/15)

Altars:


Innate Abilities, Weirdness & Mutations

You have sharp claws.
You have razor-sharp teeth.
You have supernaturally acute eyesight. (SInv)
You cover ground quickly. (Speed+)
You are covered in fur. (AC +1)
Your paws help you pounce on unaware monsters.
You are incapable of wielding weapons or throwing items.
You cannot wear armour.
You gain extra lives every three experience levels.


Message History

You barely miss the frilled lizard. You bite the frilled lizard.
You kill the frilled lizard!
You barely miss the kobold. The kobold misses you.
You scratch the kobold but do no damage.
The kobold hits you with a +2 whip of flaming.
Ouch! That really hurt!
The kobold burns you.
* * * LOW HITPOINT WARNING * * *
You are too injured to fight recklessly!
You are too injured to fight recklessly!
You are too injured to fight recklessly!
You are too injured to fight recklessly!
You are too injured to fight recklessly!
You are too injured to fight recklessly!
You are too injured to fight recklessly!
You are too injured to fight recklessly!
You are too injured to fight recklessly!
You are too injured to fight recklessly!
You are too injured to fight recklessly!
You are too injured to fight recklessly!
You are too injured to fight recklessly!
You are too injured to fight recklessly!
You are too injured to fight recklessly!
You are too injured to fight recklessly!
You are too injured to fight recklessly!
You are too injured to fight recklessly!
You are too injured to fight recklessly!
You are too injured to fight recklessly!
You are too injured to fight recklessly!
You are too injured to fight recklessly!
You scratch the kobold but do no damage.
The kobold completely misses you.
You barely miss the kobold. You bite the kobold.
The kobold is moderately wounded.
The kobold closely misses you.
You closely miss the kobold. Your bite misses the kobold.
The kobold is moderately wounded.
The kobold hits you with a +2 whip of flaming!
Ouch! That really hurt!
You die...

.#..... #..#
#.......#
#..#
#.......#
..##
####.####
...# #. #..#
# #.>#
#.###K.#
#...@..#
######.##
######...####
............+
######...####
##.##
########.##
#.........#
#.######..#
#+#


You could see a kobold.

Vanquished Creatures
  2 bats (D:1)
  An endoplasm (D:1)
  A hobgoblin (D:1)
  A kobold (D:1)
  A ball python (D:1)
  A frilled lizard (D:1)
7 creatures vanquished.

Notes
Turn   | Place    | Note
-------+----------+-------------------------------------------
     0 | D:1      | Descartes the Felid Wanderer began the quest for the Orb.
     0 | D:1      | Descartes set off with the following spells available to
                  | memorise: Animate Skeleton, Pain, Slow, Dazzling Flash,
                  | Anguish
     0 | D:1      | Reached XP level 1. HP: 9/9 MP: 5/5
   415 | D:1      | Reached skill level 1 in Stealth
   752 | D:1      | Slain by a kobold

Illustrated notes

Levels and vault maps discovered:
D:1:      scummos_arrival_forest, layout_loops_corners

Skill      XL: |  1 |
---------------+----+-----
Stealth        | 1 |  1.6
Fighting       | |  1.0
Dodging        | |  1.8
Unarmed Combat | |  0.5
Spellcasting   | |  3.0
Hexes          | |  1.5
Necromancy     | |  3.0
Evocations     | |  1.1

Action                   || total
-------------------------++-------
Melee: Unarmed           ||    37
       Bite              ||     3
Armor: Skin              ||     5
Dodge: Dodged            ||    44
